 Dungeon Crawl Stone Soup version 0.30.0-3-ga4e48a9924 (console) character file.

Game seed: 1036572110165913924

12006 jejorda2 the Fighter (level 11, -6/65 HPs)
             Began as a Vine Stalker Berserker on May 7, 2023.
             Was an Elder of Trog.
             Mangled by a sun demon (14 damage)
             ... in a volcano.
             The game lasted 00:28:31 (9832 turns).

jejorda2 the Fighter (Vine Stalker Berserker)       Turns: 9832, Time: 00:28:31

Health: -6/65      AC: 15    Str: 27    XL:     11   Next: 86%
Magic:  0/12       EV: 10    Int: 10    God:    Trog [****..]
Gold:   709        SH:  0    Dex: 14    Spells: 10/10 levels left

rFire   . . .        a - +11 dagger "Facw" {speed, Str+3}
rCold   . . .        (no shield)
rNeg    . . .        j - +0 chain mail
rPois   +            i - +2 helmet {Int+3}
rElec   .            (no cloak)
rCorr   .            (no gloves)
SInv    .            D - +0 pair of boots
Will    ++++.        d - amulet of regeneration Stlth
                     y - ring of poison resistance
HPRegen 2.90/turn    b - ring of willpower
MPRegen 0.13/turn

%: guardian spirit
@: strong-willed, on berserk cooldown, regenerating, slowed, very slow
A: fangs 3, regeneration 1, magic shield, antimagic bite, no potion heal 2
a: Renounce Religion, Berserk, Trog's Hand, Brothers in Arms


You were in a volcano.
You worshipped Trog.
Trog was greatly pleased with you.
You visited 2 branches of the dungeon, and saw 11 of its levels.
You also visited: Ossuary and Volcano.

You collected 864 gold pieces.
You spent 155 gold pieces at shops.

Inventory:

Hand Weapons
 a - the +11 dagger "Facw" (weapon) {speed, Str+3}
   (You found it on level 8 of the Dungeon)

   Str:       It affects your strength (+3).
 p - a +2 dagger of protection
 v - a +3 dagger of electrocution
Missiles
 h - 5 boomerangs (quivered)
 o - 64 stones
 u - 9 curare-tipped darts
 w - 5 poisoned darts
 B - a throwing net
Armour
 i - a +2 helmet of intelligence (worn)
 j - a +0 chain mail (worn)
 D - a +0 pair of boots (worn)
Jewellery
 b - a ring of willpower (right hand)
 d - an amulet of regeneration (around neck)
 y - a ring of poison resistance (left hand)
Scrolls
 e - 6 scrolls of teleportation
 k - a scroll of silence
 s - 3 scrolls of enchant armour
 z - a scroll of fear
 A - a scroll of immolation
 C - a scroll of poison
 E - a scroll of identify
Potions
 c - 6 potions of mutation
 g - 3 potions of might
 l - 6 potions of invisibility
 m - 5 potions of flight
 n - 4 potions of curing
 q - 2 potions of cancellation
 r - 4 potions of attraction
 t - 2 potions of haste
 x - a potion of berserk rage


   Skills:
 + Level 11.5 Fighting
 - Level 10.0 Short Blades
 + Level 1.1 Throwing
 - Level 8.0 Armour
 * Level 2.4 Dodging


You had 10 spell levels left.
You didn't know any spells.
Your spell library was empty.

Dungeon Overview and Level Annotations

Branches:
Dungeon (10/15)            Temple (0/1) D:4            Lair (1/5) D:9
    Orc (0/2) D:10        Ossuary (visited)         Volcano (1/1)

Altars:
Dithmenos
Elyvilon
Gozag
Makhleb
Nemelex Xobeh
Qazlal
Ru
Sif Muna
Trog
Uskayaw
Xom
Zin
The Shining One

Shops:
D:8 *   D:9 ?

Annotations:
D:3 exclusion: door


Innate Abilities, Weirdness & Mutations

You have razor-sharp teeth.
Your natural rate of healing is unusually fast.
When hurt, damage is shared between your health and your magic reserves.
Your bite disrupts and absorbs the magic of your enemies.
Potions cannot restore your health.


Message History

The sticky flame misses you. The smoke demon gestures at you.
The ball of steam hits you!!
* * * LOW HITPOINT WARNING * * *
A steam dragon comes into view.
Your ogre rages.
Really stalk into that cloud of steam?
Okay, then.
Unknown command.
Your skin crawls.
You feel strong-willed.
Your ogre is engulfed in a cloud of scalding steam.
Your ogre completely misses the sun demon.
Unknown command.
You puncture the sun demon! Your bite misses the sun demon.
The sun demon is moderately wounded.
The sun demon hits you but does no damage.
You puncture the sun demon! Your bite misses the sun demon.
The sun demon is moderately wounded.
You are engulfed in a cloud of scalding steam.
A steam dragon comes into view.
Unknown command.
You hit the sun demon but do no damage.
The sun demon is moderately wounded.
Your ogre hits the sun demon with a +0 giant club!!
The sun demon hits your ogre!!
Your ogre is engulfed in flames!
You hit the sun demon but do no damage.
You bite the sun demon, but do no damage.
The sun demon is almost dead.
The smoke demon hits you.
* * * LOW HITPOINT WARNING * * *
The smoke demon hits you.
* * * LOW HITPOINT WARNING * * *
The smoke demon hits you but does no damage.
You hit the sun demon but do no damage. Your bite misses the sun demon.
The sun demon is almost dead.
The sun demon hits you!
* * * LOW HITPOINT WARNING * * *
You are engulfed in flames!
You die...

§..
##§.....##
.. ###.....#
#≈......#
#####......#
...≈.......#
..........≈#
..........##
..........#
..#.....@##
# #....33.#
##....O.#
##..D...#
##......#
#.......#
#D......#
.......##
.§.§§§.##


You could see a sun demon (ally target), a smoke demon, 2 steam dragons and a
friendly ogre (summoned, berserk).

Vanquished Creatures
  Harold (D:9)
  A two-headed ogre (D:10)
  Sonja (D:10)
  A sun demon (Volcano)
  A deep elf pyromancer (D:9)
  2 elephants (Lair:1)
  Joseph (D:8)
  A smoke demon (Volcano)
  A rime drake (Lair:1)
  Psyche (D:8)
  A troll (D:8)
  4 blink frogs (Lair:1)
  A hornet (D:10)
  Prince Ribbit (D:6)
  2 wyverns
  6 yaks (Lair:1)
  2 steam dragons (Volcano)
  Edmund (D:6)
  2 acid dragons (D:8)
  A black bear (D:6)
  2 ice beasts
  An ogre (D:5)
  A centaur (D:9)
  A phantom (D:7)
  A gnoll sergeant (D:8)
  2 scorpions
  An elf skeleton (D:5)
  4 bullfrogs
  12 wights
  4 jellies
  A killer bee (D:9)
  2 howler monkeys
  2 human zombies (D:5)
  7 orc priests
  4 hounds
  4 iron imps
  A gnoll bouda (D:9)
  6 sleepcaps
  2 iguanas (D:6)
  2 human skeletons (D:5)
  8 orc wizards
  8 mummies (Ossuary)
  Robin (D:3)
  18 gnolls
  4 adders
  A shadow imp (D:6)
  3 white imps (D:7)
  An ufetubus (D:7)
  A worm (D:2)
  The ghost of dialectric the Sneak, a weakling DsDe (D:5)
  33 orcs
  3 ball pythons
  6 endoplasms
  3 giant cockroaches
  15 goblins
  6 hobgoblins
  5 quokkas
  3 bats
  12 frilled lizards
  A goblin zombie (D:6)
  4 hobgoblin zombies
  8 kobolds
  A kobold skeleton (D:6)
  7 kobold zombies
  3 orc skeletons
  3 orc zombies (Ossuary)
  4 rats
255 creatures vanquished.

Vanquished Creatures (collateral kills)
  3 elephants (Lair:1)
3 creatures vanquished.

Vanquished Creatures (others)
  2 fungi (D:7)
  4 plants (D:3)
  2 withered plants (D:5)
8 creatures vanquished.

Grand Total: 266 creatures vanquished

Notes
Turn   | Place    | Note
-------+----------+-------------------------------------------
     0 | D:1      | jejorda2 the Vine Stalker Berserker began the quest for the
                  | Orb.
     0 | D:1      | Reached XP level 1. HP: 11/11 MP: 2/2
    81 | D:1      | You fall into a shaft and drop 1 floor!
   482 | D:1      | Reached XP level 2. HP: 16/16 MP: 1/3
   854 | D:1      | Found a faded altar of an unknown god.
  1175 | D:2      | Reached skill level 3 in Fighting
  1272 | D:2      | Reached XP level 3. HP: 20/20 MP: 4/4
  1821 | D:3      | Reached ** piety under Trog
  1822 | D:3      | Gained mutation: Your natural rate of healing is unusually
                  | fast. [Vine Stalker growth]
  1822 | D:3      | Reached XP level 4. HP: 21/24 MP: 2/5
  1885 | D:3      | Noticed Robin
  1898 | D:3      | Killed Robin
  2066 | D:3      | Reached XP level 5. HP: 28/28 MP: 4/6
  2183 | D:3      | Found a shimmering blue altar of Sif Muna.
  2274 | D:3      | Found a shadowy altar of Dithmenos.
  2563 | D:4      | Found a shimmering altar of Xom.
  2617 | D:4      | Reached skill level 4 in Fighting
  2617 | D:4      | Reached skill level 5 in Short Blades
  2617 | D:4      | Reached XP level 6. HP: 26/33 MP: 7/7
  2638 | D:4      | Found a staircase to the Ecumenical Temple.
  2958 | D:4      | Found a burning altar of Makhleb.
  3413 | D:5      | Entered Level 5 of the Dungeon
  3515 | D:5      | Identified the +12 morningstar "Umoisona" {protect, Will+}
  3568 | D:5      | Reached *** piety under Trog
  3591 | D:5      | Reached XP level 7. HP: 38/38 MP: 8/8
  3621 | D:5      | Found a sand-covered staircase.
  3637 | Ossuary  | Entered an ossuary
  3829 | Ossuary  | Reached skill level 5 in Fighting
  4149 | D:5      | Found a runed translucent door.
  4149 | D:5      | Noticed dialectric's ghost (weakling DsDe)
  4181 | D:5      | Gained mutation: You have razor-sharp teeth. [Vine Stalker
                  | growth]
  4181 | D:5      | Reached XP level 8. HP: 43/43 MP: 9/9
  4482 | D:5      | Reached **** piety under Trog
  4724 | D:5      | Killed dialectric's ghost
  4816 | D:6      | Reached skill level 6 in Fighting
  4886 | D:6      | Found a hide-covered altar of Uskayaw.
  5020 | D:6      | Noticed Prince Ribbit
  5035 | D:6      | Killed Prince Ribbit
  5036 | D:6      | Reached XP level 9. HP: 42/49 MP: 7/10
  5096 | D:6      | Found a glowing silver altar of Zin.
  5447 | D:6      | Found a glowing golden altar of the Shining One.
  5447 | D:6      | Noticed Edmund
  5470 | D:6      | Killed Edmund
  5545 | D:6      | Found a sparkling altar of Nemelex Xobeh.
  5579 | D:6      | Found a white marble altar of Elyvilon.
  5949 | D:7      | Found an opulent altar of Gozag.
  5960 | D:7      | Reached skill level 7 in Fighting
  6280 | D:7      | Found a bloodstained altar of Trog.
  6590 | D:8      | Noticed Psyche
  6596 | D:8      | Killed Psyche
  6597 | D:8      | Reached skill level 10 in Short Blades
  6722 | D:8      | Noticed a troll
  6728 | D:8      | Killed a troll
  6823 | D:8      | Noticed Joseph
  6831 | D:8      | Killed Joseph
  6832 | D:8      | Reached skill level 8 in Fighting
  6832 | D:8      | Reached XP level 10. HP: 43/56 MP: 11/11
  7172 | D:8      | Identified the +11 dagger "Facw" {speed, Str+3}
  7477 | D:8      | Found Mimeat's Assorted Antiques.
  7485 | D:8      | Bought a scroll labelled AMMUET WESUGU for 30 gold pieces
  7485 | D:8      | Bought a scroll labelled AMMUET WESUGU for 30 gold pieces
  7573 | D:9      | Noticed a deep elf pyromancer
  7584 | D:9      | Killed a deep elf pyromancer
  7585 | D:9      | Reached skill level 9 in Fighting
  7771 | D:9      | Found a staircase to the Lair.
  7992 | D:9      | Found Weboirig's Magic Scroll Boutique.
  8006 | D:9      | Bought a scroll of silence for 95 gold pieces
  8102 | D:9      | Reached skill level 5 in Armour
  8342 | D:9      | Noticed Harold
  8365 | D:9      | Killed Harold
  8618 | D:10     | Entered Level 10 of the Dungeon
  8650 | D:10     | Found a stormy altar of Qazlal.
  8694 | D:10     | Noticed Sonja
  8733 | D:10     | Killed Sonja
  8734 | D:10     | Reached skill level 10 in Fighting
  8828 | D:10     | Found a staircase to the Orcish Mines.
  8861 | D:10     | Reached XP level 11. HP: 54/63 MP: 9/12
  8959 | D:10     | Noticed a two-headed ogre
  8968 | D:10     | Killed a two-headed ogre
  9360 | D:10     | Found a sacrificial altar of Ru.
  9479 | Lair:1   | Entered Level 1 of the Lair of Beasts
  9638 | Lair:1   | Reached skill level 11 in Fighting
  9751 | Lair:1   | Found a dark tunnel.
  9760 | Volcano  | Entered a volcano
  9801 | Volcano  | Noticed a sun demon
  9813 | Volcano  | Killed a sun demon
  9819 | Volcano  | Reached skill level 1 in Throwing
  9824 | Volcano  | Noticed a sun demon
  9832 | Volcano  | Mangled by a sun demon

Illustrated notes

Levels and vault maps discovered:
D:1:      minmay_arrival_semitransparent, layout_basic,
          shapermc_ecumenical_altar_hornbeckon, minmay_misc_feat_four_crosses,
          grunt_decor_arrowhead
D:2:      layout_loops_corners, minmay_cut_off
D:3:      layout_rooms, led_sif_book, mainiacjoe_overflow_chevrons,
          minmay_lizard_king, uniq_robin
D:4:      layout_basic, demons_altar, kennysheep_little_box,
          minmay_temple_entry_drinking_statues
D:5:      minmay_spotlight, layout_gridville, gammafunk_ghost_grave,
          nicolae_ossuary_entry_catacombs
D:6:      layout_gridville, mainiacjoe_overflow_small_starburst,
          nicolae_tso_besieged_by_evil, lemuel_tele_altar,
          mainiacjoe_overflow_big_doors, uniq_edmund, uniq_prince_ribbit1
D:7:      layout_basic, mainiacjoe_overflow_tiny_flanked,
          mainiacjoe_overflow_boulevard, small_statue_alley_b
D:8:      layout_cave_pods, serial_shops, shop_statue, uniq_joseph, uniq_psyche
D:9:      layout_gridville, dpeg_oklobed_lair, serial_shops,
          nicolae_shop_window_shopping, kennysheep_island_fort, uniq_harold
D:10:     layout_basic, nicolae_ru_path_of_blood, lemuel_crystal_altar,
          uniq_sonja
Lair:1:   lemuel_reptile_caves, layout_gridlike, nicolae_volcano_entry_s_turn,
          special_room [special_room_bee], grunt_megastairs_2
Volcano:  hellmonk_smoking_crater

Skill      XL: |  1  2  3  4  5  6  7  8  9 10 11 |
---------------+----------------------------------+-----
Short Blades   | 3 4 5 7 9 10 | 10.0
Fighting       | 3 4 5 6 8 10 11 | 11.5
Armour         | 3 6 8 |  8.0
Dodging        | 2 |  2.4
Throwing       | 1 |  1.1

Action                     |  1- 3 |  4- 6 |  7- 9 | 10-12 || total
---------------------------+-------+-------+-------+-------++-------
  Melee: Short sword       |    40 |       |       |       ||    40
         Bite              |    34 |    52 |    96 |    85 ||   267
         Dagger            |    55 |   157 |   320 |   254 ||   786
         Punch             |     1 |     3 |     2 |     7 ||    13
  Throw: Stone             |     1 |    21 |    20 |       ||    42
         Boomerang         |       |    13 |    18 |     6 ||    37
         Throwing net      |       |       |       |     1 ||     1
 Invoke: Berserk           |     1 |     2 |     9 |     5 ||    17
         Trog's Hand       |       |     2 |     1 |     1 ||     4
         Brothers in Arms  |       |       |       |     2 ||     2
    Use: Scroll            |       |     9 |     9 |     4 ||    22
 Armour: Animal skin       |     6 |       |       |       ||     6
         Chain mail        |    29 |    79 |   115 |    68 ||   291
         Leather armour    |     2 |       |       |       ||     2
  Dodge: Dodged            |    34 |    54 |   109 |    50 ||   247
